R+ - U24
MEDICINE HAT STAMPEDE @ ROCKY MOUNTAIN VIBES
08/31/2052
 
TOP OF THE 1ST
Rocky Mountain Vibes batting - Pitching for Moose Jaw Diamond Dogs : RHP Dallas DiCola
Pitching: RHP Dallas DiCola
Batting: RHB Jacob Sanders 0-0: DOUBLE (Line Drive, 3D, EV 95.0 MPH)
Batting: RHB Felicidad Solano 0-0: Swinging Strike
0-1: Ground out 4-3 (Groundball, 4, EV 86.2 MPH)
Jacob Sanders to third
Batting: LHB Pengcheng Feng 0-0: Ball
1-0: Ball
2-0: Ground out U3 (Groundball, 3S, EV 89.4 MPH)
Batting: RHB Telmo Silva 0-0: Ball
1-0: Swinging Strike
1-1: Ball
2-1: Fly out, F4 (Popup, 34S, EV 66.9 MPH)
Top of the 1st over - 0 runs, 1 hit, 0 errors, 1 left on base; Rocky Mountain 0 - Moose Jaw 0
BOTTOM OF THE 1ST
Moose Jaw Diamond Dogs batting - Pitching for Rocky Mountain Vibes : RHP Aden McCall
Pitching: RHP Aden McCall
Batting: RHB Generoso Vasquez 0-0: Swinging Strike
0-1: Ball
1-1: Ball
2-1: Ball
3-1: Foul Ball, location: 2F
3-2: SINGLE (Flyball, 34D, EV 88.1 MPH)
Batting: RHB Cliff LeBlond 0-0: Fly out, F6 (Popup, 4MD, EV 50.0 MPH)
Batting: LHB Jeff Rivers 0-0: Swinging Strike
0-1: Fielders Choice at 2nd, 5-4 (Groundball, 56, EV 83.8 MPH)
Batting: RHB Josh Rogers 0-0: Swinging Strike
0-1: Ball
1-1: Ball
2-1: Fly out, F7 (Line Drive, 7, EV 91.2 MPH)
Bottom of the 1st over - 0 runs, 1 hit, 0 errors, 1 left on base; Rocky Mountain 0 - Moose Jaw 0
TOP OF THE 2ND
Rocky Mountain Vibes batting - Pitching for Moose Jaw Diamond Dogs : RHP Dallas DiCola
Batting: LHB Richard Kiel 0-0: Ground out 5-3 (Groundball, 5, EV 84.4 MPH)
Batting: RHB Arlen Reid 0-0: Foul Ball, location: 2F
0-1: Called Strike
0-2: Strikes out swinging
Batting: RHB Jason Langston 0-0: Foul Ball, location: 2F
0-1: Ball
1-1: Foul Ball, location: 2F
1-2: Fly out, F9 (Flyball, 9, EV 87.5 MPH)
Top of the 2nd over - 0 runs, 0 hits, 0 errors, 0 left on base; Rocky Mountain 0 - Moose Jaw 0
BOTTOM OF THE 2ND
Moose Jaw Diamond Dogs batting - Pitching for Rocky Mountain Vibes : RHP Aden McCall
Batting: RHB Raulo Montoya 0-0: Ball
1-0: Ball
2-0: Ground out 3-1 (Groundball, 34S, EV 91.2 MPH)
Batting: RHB Ezequiel Cadena 0-0: Ball
1-0: Ball
2-0: Called Strike
2-1: Foul Ball, location: 2F
2-2: Ball
3-2: Fly out, F7 (Flyball, 7LM, EV 78.1 MPH)
Batting: RHB Erick Conty 0-0: Ball
1-0: Ground out 6-3 (Groundball, 6, EV 80.6 MPH)
Bottom of the 2nd over - 0 runs, 0 hits, 0 errors, 0 left on base; Rocky Mountain 0 - Moose Jaw 0
TOP OF THE 3RD
Rocky Mountain Vibes batting - Pitching for Moose Jaw Diamond Dogs : RHP Dallas DiCola
Batting: RHB Cesar Garcia 0-0: Foul Ball, location: 2F
0-1: Ball
1-1: Ground out 5-3 (Groundball, 6S, EV 85.0 MPH)
Batting: RHB Palmer Wilson 0-0: Ball
1-0: Ball
2-0: Ground out 1-3 (Groundball, 13S, EV 67.5 MPH)
Batting: RHB Jacob Sanders 0-0: Ball
1-0: Ball
2-0: Foul Ball, location: 2F
2-1: Foul Ball, location: 2F
2-2: Ball
3-2: Ground out 6-3 (Groundball, P, EV 88.1 MPH)
Top of the 3rd over - 0 runs, 0 hits, 0 errors, 0 left on base; Rocky Mountain 0 - Moose Jaw 0
BOTTOM OF THE 3RD
Moose Jaw Diamond Dogs batting - Pitching for Rocky Mountain Vibes : RHP Aden McCall
Batting: RHB Tommy Wondra 0-0: Foul Ball, location: 2F
0-1: Ball
1-1: Foul Ball, location: 2F
1-2: Strikes out looking
Batting: RHB Melido Morales 0-0: Fly out, F3 (Popup, 3S, EV 70.6 MPH)
Batting: RHB Generoso Vasquez 0-0: Called Strike
0-1: Ball
1-1: Ground out 6-3 (Groundball, 6, EV 82.5 MPH)
Bottom of the 3rd over - 0 runs, 0 hits, 0 errors, 0 left on base; Rocky Mountain 0 - Moose Jaw 0
TOP OF THE 4TH
Rocky Mountain Vibes batting - Pitching for Moose Jaw Diamond Dogs : RHP Dallas DiCola
Batting: RHB Felicidad Solano 0-0: Fly out, F8 (Flyball, 8RM, EV 95.6 MPH)
Batting: LHB Pengcheng Feng 0-0: Ball
1-0: Ball
2-0: DOUBLE (Groundball, 3L, EV 102.5 MPH)
Batting: RHB Telmo Silva 0-0: Ball
1-0: Ball
2-0: Foul Ball, location: 2F
2-1: Foul Ball, location: 2F
2-2: Ball
3-2: SINGLE (Groundball, 56S, EV 68.1 MPH) (infield hit)
Pengcheng Feng to third
Batting: LHB Richard Kiel 0-0: Ball
1-0: Ball
2-0: Ball
3-0: Base on Balls
Telmo Silva to second
Batting: RHB Arlen Reid 0-0: Ball
1-0: Foul Ball, location: 2F
1-1: Ball
2-1: Called Strike
2-2: Foul Ball, location: 2F
2-2: Strikes out swinging
Batting: RHB Jason Langston 0-0: Ball
1-0: Called Strike
1-1: Foul Ball, location: 2F
1-2: Foul Ball, location: 2F
1-2: Foul Ball, location: 2F
1-2: Fly out, F3 (Popup, 3F, EV 66.9 MPH)
Top of the 4th over - 0 runs, 2 hits, 0 errors, 3 left on base; Rocky Mountain 0 - Moose Jaw 0
BOTTOM OF THE 4TH
Moose Jaw Diamond Dogs batting - Pitching for Rocky Mountain Vibes : RHP Aden McCall
Batting: RHB Cliff LeBlond 0-0: Fly out, F7 (Flyball, 7D, EV 85.6 MPH)
Batting: LHB Jeff Rivers 0-0: Ball
1-0: Called Strike
1-1: Foul Ball, location: 2F
1-2: Ground out 6-3 (Groundball, 6, EV 85.6 MPH)
Batting: RHB Josh Rogers 0-0: Called Strike
0-1: Ball
1-1: Ball
2-1: Ball
3-1: DOUBLE (Flyball, 78D, EV 103.8 MPH)
Pitching: RHP Trent McPherson
Batting: RHB Raulo Montoya 0-0: Ball
1-0: Ball
2-0: Ball
3-0: Base on Balls
Batting: RHB Ezequiel Cadena 0-0: Ball
1-0: Ball
2-0: Ball
3-0: Called Strike
3-1: Ground out 6-3 (Groundball, 56, EV 105.6 MPH)
Bottom of the 4th over - 0 runs, 1 hit, 0 errors, 2 left on base; Rocky Mountain 0 - Moose Jaw 0
TOP OF THE 5TH
Rocky Mountain Vibes batting - Pitching for Moose Jaw Diamond Dogs : RHP Dallas DiCola
Batting: RHB Cesar Garcia 0-0: Ball
1-0: Ball
2-0: Foul Ball, location: 2F
2-1: Swinging Strike
2-2: Ground out 6-3 (Groundball, 6, EV 98.1 MPH)
Batting: RHB Palmer Wilson 0-0: Foul Ball, location: 2F
0-1: Ball
1-1: Ball
2-1: Fly out, F9 (Line Drive, 9D, EV 93.1 MPH)
Batting: RHB Jacob Sanders 0-0: Ball
1-0: Ball
2-0: Fly out, F8 (Flyball, 89D, EV 106.9 MPH)
Top of the 5th over - 0 runs, 0 hits, 0 errors, 0 left on base; Rocky Mountain 0 - Moose Jaw 0
BOTTOM OF THE 5TH
Moose Jaw Diamond Dogs batting - Pitching for Rocky Mountain Vibes : RHP Trent McPherson
Batting: RHB Erick Conty 0-0: Called Strike
0-1: Ground out 4-3 (Groundball, 4M, EV 90.6 MPH)
Batting: RHB Tommy Wondra 0-0: Foul Ball, location: 2F
0-1: Ground out 5-3 (Groundball, 56S, EV 83.1 MPH)
Batting: RHB Melido Morales 0-0: Swinging Strike
0-1: Called Strike
0-2: Ball
1-2: Ball
2-2: Foul Ball, location: 2F
2-2: Strikes out swinging
Bottom of the 5th over - 0 runs, 0 hits, 0 errors, 0 left on base; Rocky Mountain 0 - Moose Jaw 0
TOP OF THE 6TH
Rocky Mountain Vibes batting - Pitching for Moose Jaw Diamond Dogs : RHP Dallas DiCola
Batting: RHB Felicidad Solano 0-0: Ball
1-0: Swinging Strike
1-1: Called Strike
1-2: Strikes out swinging
Batting: LHB Pengcheng Feng 0-0: Ball
1-0: Ball
2-0: Called Strike
2-1: Foul Ball, location: 2F
2-2: Ball
3-2: Strikes out swinging
Batting: RHB Telmo Silva 0-0: Ball
1-0: Foul Ball, location: 2F
1-1: Ball
2-1: Fly out, F7 (Flyball, 7, EV 85.6 MPH)
Top of the 6th over - 0 runs, 0 hits, 0 errors, 0 left on base; Rocky Mountain 0 - Moose Jaw 0
BOTTOM OF THE 6TH
Moose Jaw Diamond Dogs batting - Pitching for Rocky Mountain Vibes : RHP Trent McPherson
Batting: RHB Generoso Vasquez 0-0: Foul Ball, location: 2F
0-1: SINGLE (Groundball, 5S, EV 76.9 MPH) (infield hit)
Batting: RHB Cliff LeBlond 0-0: Ball
1-0: Fly out, F5 (Flyball, 5D, EV 88.1 MPH)
Batting: LHB Jeff Rivers 0-0: Ball
1-0: Called Strike
1-1: Fly out, F6 (Popup, 6M, EV 62.5 MPH)
Batting: RHB Josh Rogers 0-0: Ball
Generoso Vasquez steals 2nd base
1-0: Fly out, F9 (Flyball, 9LM, EV 85.0 MPH)
Bottom of the 6th over - 0 runs, 1 hit, 0 errors, 1 left on base; Rocky Mountain 0 - Moose Jaw 0
TOP OF THE 7TH
Rocky Mountain Vibes batting - Pitching for Moose Jaw Diamond Dogs : RHP Dallas DiCola
Batting: LHB Richard Kiel 0-0: Swinging Strike
0-1: Ball
1-1: Ground out U3 (Groundball, 34D, EV 91.2 MPH)
Batting: RHB Arlen Reid 0-0: Ball
1-0: Called Strike
1-1: Foul Ball, location: 2F
1-2: Ball
2-2: Fly out, F8 (Line Drive, 8RM, EV 102.5 MPH)
Batting: RHB Jason Langston 0-0: Ball
1-0: Ball
2-0: SOLO HOME RUN (Line Drive, 7D, EV 94.4 MPH), Distance : 351 ft
Batting: RHB Cesar Garcia 0-0: Ground out 6-3 (Groundball, 6, EV 106.9 MPH)
Top of the 7th over - 1 run, 1 hit, 0 errors, 0 left on base; Rocky Mountain 1 - Moose Jaw 0
BOTTOM OF THE 7TH
Moose Jaw Diamond Dogs batting - Pitching for Rocky Mountain Vibes : RHP Trent McPherson
Batting: RHB Raulo Montoya 0-0: SOLO HOME RUN (Flyball, 7D, EV 95.0 MPH), Distance : 370 ft
Batting: RHB Ezequiel Cadena 0-0: Ball
1-0: Fly out, F8 (Flyball, 8LS, EV 82.5 MPH)
Pinch Hitting: SHB Jimmy Carmen 0-0: Called Strike
0-1: Ball
1-1: Swinging Strike
1-2: Strikes out swinging
Batting: RHB Tommy Wondra 0-0: Ball
1-0: Called Strike
1-1: Ball
2-1: Foul Ball, location: 2F
2-2: Foul Ball, location: 2F
2-2: Fly out, F9 (Flyball, 89M, EV 92.5 MPH)
Bottom of the 7th over - 1 run, 1 hit, 0 errors, 0 left on base; Rocky Mountain 1 - Moose Jaw 1
TOP OF THE 8TH
Rocky Mountain Vibes batting - Pitching for Moose Jaw Diamond Dogs : RHP Dallas DiCola
Pitching: RHP Dylan Creasey
Now at SS: Jimmy Carmen
Batting: RHB Palmer Wilson 0-0: Called Strike
0-1: Swinging Strike
0-2: Hit by Pitch
Batting: RHB Jacob Sanders 0-0: Bunted foul
0-1: Bunted foul
0-2: Ball
1-2: Strikes out looking
Batting: RHB Felicidad Solano 0-0: Called Strike
0-1: Ball
1-1: Called Strike
1-2: Ball
2-2: TRIPLE (Flyball, 78XD, EV 88.8 MPH)
Palmer Wilson scores
Batting: LHB Pengcheng Feng 0-0: Intentional Walk
Batting: RHB Telmo Silva 0-0: Called Strike
0-1: Called Strike
0-2: Ball
1-2: Fly out, F7 (Flyball, 7LD, EV 81.2 MPH)
Runner from 3rd tags up, SCORES, no throw by LF
Batting: LHB Richard Kiel 0-0: Called Strike
0-1: Swinging Strike
0-2: Ball
1-2: Strikes out swinging
Top of the 8th over - 2 runs, 1 hit, 0 errors, 1 left on base; Rocky Mountain 3 - Moose Jaw 1
BOTTOM OF THE 8TH
Moose Jaw Diamond Dogs batting - Pitching for Rocky Mountain Vibes : RHP Trent McPherson
Batting: LHB Andy Brammer 0-0: Fly out, F7 (Flyball, 78M, EV 88.1 MPH)
Batting: RHB Generoso Vasquez 0-0: Foul Ball, location: 2F
0-1: Ball
1-1: Swinging Strike
1-2: Foul Ball, location: 2F
1-2: Ground out 5-3 (Groundball, 56S, EV 85.6 MPH)
Batting: RHB Cliff LeBlond 0-0: Called Strike
0-1: Foul Ball, location: 2F
0-2: Foul Ball, location: 2F
0-2: Ball
1-2: SINGLE (Groundball, 13S, EV 67.5 MPH) (infield hit)
Pitching: RHP Pat Carter
Batting: LHB Jeff Rivers 0-0: Called Strike
0-1: Ball
1-1: Called Strike
1-2: Fly out, F7 (Flyball, 7LM, EV 97.5 MPH)
Bottom of the 8th over - 0 runs, 1 hit, 0 errors, 1 left on base; Rocky Mountain 3 - Moose Jaw 1
TOP OF THE 9TH
Rocky Mountain Vibes batting - Pitching for Moose Jaw Diamond Dogs : RHP Dylan Creasey
Batting: RHB Arlen Reid 0-0: Ball
1-0: Swinging Strike
1-1: Swinging Strike
1-2: Ball
2-2: Strikes out looking
Batting: RHB Jason Langston 0-0: DOUBLE (Line Drive, 89M, EV 105.0 MPH)
Batting: RHB Cesar Garcia 0-0: Intentional Walk
Batting: RHB Palmer Wilson 0-0: Fly out, F8 (Flyball, 8LXD, EV 100.6 MPH)
Runner from 2nd tags up, SAFE at 3rd, no throw by CF
Batting: RHB Jacob Sanders 0-0: Foul Ball, location: 2F
0-1: Called Strike
0-2: Ball
1-2: Strikes out swinging
Top of the 9th over - 0 runs, 1 hit, 0 errors, 2 left on base; Rocky Mountain 3 - Moose Jaw 1
BOTTOM OF THE 9TH
Moose Jaw Diamond Dogs batting - Pitching for Rocky Mountain Vibes : RHP Pat Carter
Batting: RHB Josh Rogers 0-0: Fly out, F9 (Line Drive, 9, EV 92.5 MPH)
Batting: RHB Raulo Montoya 0-0: Ball
1-0: Foul Ball, location: 2F
1-1: Ball
2-1: Called Strike
2-2: Ball
3-2: Base on Balls
Batting: RHB Ezequiel Cadena 0-0: Foul Ball, location: 2F
0-1: Foul Ball, location: 2F
0-2: Ball
1-2: Strikes out swinging
Batting: SHB Jimmy Carmen 0-0: Ball
1-0: Foul Ball, location: 2F
1-1: Ball
2-1: Fly out, F4 (Popup, 4D, EV 56.9 MPH)
Bottom of the 9th over - 0 runs, 0 hits, 0 errors, 1 left on base; Rocky Mountain 3 - Moose Jaw 1
Sunday, May 5th , 2024 - OOTP Baseball 24.11 Build 85